 Dungeon Crawl Stone Soup version 0.31.0-9-g3a7656b989 (webtiles) character file.

Game seed: 15833448508618716905

8347 MysticSailboat the Basher (level 11, -3/76 HPs)
             Began as a Gargoyle Monk on Jan 24, 2024.
             Was an Elder of the Shining One.
             Slain by a +6 spectral giant club (21 damage)
             ... created by Erolcha
             ... on level 10 of the Dungeon.
             The game lasted 00:17:43 (8588 turns).

MysticSailboat the Basher (Gargoyle Monk)           Turns: 8588, Time: 00:17:43

Health: -3/76      AC: 17    Str: 19    XL:     11   Next: 29%
Magic:  11/11      EV: 11    Int: 11    God:    the Shining One [****..]
Gold:   286        SH:  0    Dex: 12    Spells: 10/10 levels left

rFire   . . .        s - +9 dagger of Accord {spect, SInv}
rCold   + . .        d - orb {light}
rNeg    + + +        v - +0 ring mail
rPois   ∞            j - +1 hat
rElec   +            (no cloak)
rCorr   .            u - +2 pair of gloves
SInv    +            (no boots)
Will    .....        k - amulet of magic regeneration
Stlth   +            c - ring of protection from cold
HPRegen 0.32/turn    (no ring)
MPRegen 0.52/turn

%: no passive effects
@: glowing
A: sickness immunity, AC +8, negative energy resistance 1, electricity
resistance, torment resistance 1, petrification resistance
a: Renounce Religion, Divine Shield, Cleansing Flame


You were on level 10 of the Dungeon.
You worshipped the Shining One.
The Shining One was greatly pleased with you.
You visited 1 branch of the dungeon, and saw 10 of its levels.
You also visited: Sewer.

You collected 412 gold pieces.
You spent 126 gold pieces at shops.

Inventory:

Hand Weapons
 s - the +9 dagger of Accord (weapon) {spect, SInv}
   (You found it on level 2 of the Dungeon)

   SInv:      It lets you see invisible.
 t - a +4 morningstar of chaos
Missiles
 a - 4 curare-tipped darts (quivered)
 b - 18 poisoned darts
 F - a throwing net {=F}
Armour
 d - an orb of light (worn)
 j - a +1 hat (worn)
 u - a +2 pair of gloves (worn)
 v - a +0 ring mail (worn)
Jewellery
 c - a ring of protection from cold (left hand)
 k - an amulet of magic regeneration (around neck)
 M - an amulet of reflection
Wands
 o - a wand of light (6)
 C - a wand of digging (5)
Scrolls
 g - 4 scrolls of teleportation
 h - a scroll of immolation
 l - 3 scrolls of revelation
 p - a scroll of amnesia
 q - 2 scrolls of poison
 w - 5 scrolls of fear
 y - 4 scrolls of vulnerability
 B - 3 scrolls of blinking
 I - a scroll of enchant armour
 K - a scroll of torment {unknown}
 L - a scroll of enchant weapon {unknown}
 N - a scroll of fog {unknown}
Potions
 e - 2 potions of curing
 f - a potion of invisibility {unknown}
 i - a potion of attraction {unknown}
 m - a potion of heal wounds {unknown}
 n - 2 potions of might {unknown}
 r - a potion of brilliance {unknown}
 x - a potion of magic {unknown}
 z - a potion of resistance {unknown}
 A - a potion of cancellation {unknown}
 D - 2 potions of mutation {unknown}
 E - a potion of berserk rage {unknown}
 G - 2 potions of lignification {unknown}
 H - 2 potions of haste {unknown}
Miscellaneous
 J - a phial of floods


   Skills:
 + Level 12.6 Fighting
 - Level 13.4 Maces & Flails
 - Level 2.4 Dodging


You had 10 spell levels left.
You didn't know any spells.
Your spell library contained the following spells:

 Spells                   Type           Power      Damage    Failure   Level
 Apportation              Tloc           0%         N/A       52%         1
 Necrotise                Necr           0%         1d4       52%         1
 Sting                    Conj/Alch      0%         1d3       52%         1
 Summon Small Mammal      Summ           0%         N/A       52%         1
 Ignite Poison            Fire/Alch      0%         N/A       99%         4
 Freezing Cloud           Conj/Ice/Air   0%         6-21      100%        5
 Iskenderun's Battlesphe  Conj           0%         2d6       100%        5
 Bombard                  Conj/Erth      0%         9d1       100%        6
 Spellforged Servitor     Conj/Summ      0%         N/A       100%        7
 Cigotuvi's Dreadful Rot  Necr/Alch/Air  Unusable   N/A       N/A         2

Dungeon Overview and Level Annotations

Branches:
Dungeon (10/15) Zot: 26816   Sewer (visited)
 Temple: D:4-7         Lair: D:8-11         Orc: D:9-12

Altars:
Ashenzari
Cheibriados
Elyvilon
Gozag
Qazlal
Vehumet
The Shining One

Shops:
D:2 (

Annotations:
D:7 1 runed translucent door, Khashishi's ghost, novice NaSh
D:10 Erolcha


Innate Abilities, Weirdness & Mutations

You are immune to sickness and miasma.
Your stone body is resilient. (AC +8)
You are immune to poison.
You resist negative energy. (rN+)
You are resistant to electric shocks. (rElec)
You are resistant to unholy torment.
You are immune to petrification.


Message History

There is an open door here.
Erolcha casts a spell.
Erolcha flickers and vanishes for a moment.
Aiming: Bolt of Light
Press: ? - help, Q - select action, (/) - cycle Shift-Dir - straight line, f - Erolcha
Aim: Erolcha, wielding a +6 spectral giant club and wearing a +1 robe of willpower (slightly transparent, haloed, 88% to hit)
The bolt of light hits Erolcha!
Erolcha is moderately wounded.
Erolcha is blinded.
You puncture Erolcha!
Erolcha is moderately wounded.
Your +9 dagger of Accord {spect, SInv} hits Erolcha!
Erolcha hits you with a +6 spectral giant club!!
The +6 spectral giant club hits you but does no damage.
A +6 spectral giant club comes into view.
You barely miss Erolcha.
Erolcha is heavily wounded.
Your +9 dagger of Accord {spect, SInv} hits Erolcha but does no damage.
You puncture Erolcha!
Erolcha is severely wounded.
Your +9 dagger of Accord {spect, SInv} hits Erolcha!
Erolcha closely misses you.
The +6 spectral giant club hits you but does no damage.
You hit Erolcha.
Erolcha is almost dead.
Your +9 dagger of Accord {spect, SInv} hits Erolcha but does no damage.
Erolcha closely misses you. The +6 spectral giant club hits you!
You hit Erolcha but do no damage.
Erolcha is almost dead.
Your +9 dagger of Accord {spect, SInv} hits Erolcha.
You hit Erolcha but do no damage.
Erolcha is almost dead.
Your +9 dagger of Accord {spect, SInv} closely misses Erolcha.
Erolcha closely misses you. The +6 spectral giant club hits you!!
* * * LOW HITPOINT WARNING * * *
You hit Erolcha.
Erolcha is almost dead.
Your +9 dagger of Accord {spect, SInv} hits Erolcha but does no damage.
Erolcha barely misses you. The +6 spectral giant club hits you!!
You die...

#....### #....# #......
......# #....# #...... .....#
#....#### #...... #...#
#.......# #...... #...#
####.....# ######'
#...########.....[..########.
+.....O....'(................
#..?########O(......##<....#.
.....### #@.......#........
...... #........#........
..... #######)####........
..O.. #.....).............
.... #.#..#..............
.... #..#.....#..[.......
#...#...#.#.........
#.#..#...#.......... #
....#......†######


You could see Erolcha (invisible, blind, unable to see you), a +6 spectral giant
club and a friendly +9 dagger of Accord {spect, SInv}.

Vanquished Creatures
  Erica (D:9)
  A two-headed ogre (D:8)
  Pikel (D:4)
  A cyclops (D:8)
  Jeremiah (D:8)
  2 trolls
  Grinder (D:4)
  Prince Ribbit (D:9)
  Sigmund (D:4)
  2 wyverns
  A vampire (D:9)
  5 yaks (D:8)
  A steam dragon (D:7)
  2 black bears
  2 ice beasts (D:6)
  4 orc warriors
  4 centaurs
  An ogre (D:6)
  A phantom (D:6)
  A kobold brigand (D:9)
  5 bullfrogs
  A scorpion (D:6)
  3 wights (D:6)
  18 killer bees
  6 howler monkeys
  2 bombardier beetles
  3 hounds
  4 jellies
  3 orc priests
  3 iguanas (D:6)
  A sleepcap (D:3)
  7 orc wizards
  4 gnolls (D:4)
  18 adders
  A shadow imp (D:7)
  A white imp (D:7)
  2 ufetubi (D:6)
  2 ribbon worms
  7 dart slugs
  33 orcs
  10 ball pythons
  8 endoplasms
  14 giant cockroaches
  5 goblins
  3 hobgoblins
  2 jackals (D:3)
  8 kobolds
  3 quokkas
  2 bats
  13 frilled lizards
  5 rats
231 creatures vanquished.

Notes
Turn   | Place    | Note
-------+----------+-------------------------------------------
     0 | D:1      | MysticSailboat the Gargoyle Monk began the quest for the
                  | Orb.
     0 | D:1      | Reached XP level 1. HP: 14/14 MP: 1/1
    95 | D:1      | Reached XP level 2. HP: 19/19 MP: 2/2
   245 | D:1      | Found a faded altar of an unknown god.
   272 | D:1      | Prayed at the altar of an unknown god.
   272 | D:1      | Became a worshipper of the Shining One
   272 | D:1      | Reached * piety under the Shining One
   272 | D:1      | Reached ** piety under the Shining One
   897 | D:2      | Reached skill level 4 in Maces & Flails
   897 | D:2      | Reached XP level 3. HP: 23/23 MP: 3/3
  1059 | D:2      | Found Kentebbe's Antique Weapon Emporium.
  1226 | D:2      | Reached *** piety under the Shining One
  1246 | D:2      | Identified the +9 dagger of Accord {spect, SInv}
  1301 | D:2      | You fall into a shaft and drop 1 floor!
  1326 | D:3      | Reached XP level 4. HP: 27/28 MP: 4/4
  1815 | D:2      | Bought a runed morningstar for 126 gold pieces
  1982 | D:2      | Found a radiant altar of Vehumet.
  2168 | D:3      | Reached XP level 5. HP: 34/34 MP: 5/5
  2618 | D:4      | Noticed Grinder
  2631 | D:4      | Killed Grinder
  2632 | D:4      | Reached skill level 5 in Fighting
  2632 | D:4      | Reached skill level 6 in Maces & Flails
  2632 | D:4      | Reached XP level 6. HP: 40/40 MP: 6/6
  2697 | D:4      | Reached XP level 7. HP: 44/44 MP: 7/7
  2829 | D:4      | Reached skill level 7 in Maces & Flails
  2843 | D:4      | Noticed Sigmund
  2857 | D:4      | Killed Sigmund
  2951 | D:4      | Reached skill level 8 in Maces & Flails
  2967 | D:4      | Noticed Pikel
  3183 | D:4      | Killed Pikel
  3184 | D:4      | Reached skill level 9 in Maces & Flails
  3184 | D:4      | Reached XP level 8. HP: 49/49 MP: 8/8
  3215 | D:5      | Entered Level 5 of the Dungeon
  3335 | D:5      | Found a glowing drain.
  3339 | Sewer    | Entered a sewer
  3487 | Sewer    | Reached skill level 10 in Maces & Flails
  3948 | D:6      | Found a stormy altar of Qazlal.
  3965 | D:6      | Reached skill level 11 in Maces & Flails
  3965 | D:6      | Reached XP level 9. HP: 34/54 MP: 9/9
  4256 | D:6      | Found a snail-covered altar of Cheibriados.
  4349 | D:6      | Reached skill level 12 in Maces & Flails
  4353 | D:6      | Reached **** piety under the Shining One
  5037 | D:7      | Reached skill level 13 in Maces & Flails
  5365 | D:7      | Found a runed translucent door.
  5371 | D:7      | Noticed Khashishi's ghost (novice NaSh)
  5689 | D:8      | Reached XP level 10. HP: 35/59 MP: 10/10
  5826 | D:8      | Noticed a two-headed ogre
  5833 | D:8      | Killed a two-headed ogre
  6063 | D:8      | Found an opulent altar of Gozag.
  6063 | D:8      | Found a white marble altar of Elyvilon.
  6284 | D:8      | Noticed Jeremiah
  6369 | D:8      | Killed Jeremiah
  6582 | D:8      | Identified the +9 dagger of Hubris {antimagic, rC+}
  6837 | D:8      | Identified the +1 dagger of Blood {spect, rElec Str+2
                  | Dex+5}
  6874 | D:8      | Found a broken altar of Ashenzari.
  7100 | D:8      | Noticed a cyclops
  7111 | D:8      | Killed a cyclops
  7112 | D:8      | Reached skill level 10 in Fighting
  7454 | D:9      | Noticed Erica
  7464 | D:9      | Killed Erica
  7465 | D:9      | Reached XP level 11. HP: 35/74 MP: 11/11
  7665 | D:9      | Noticed Prince Ribbit
  7674 | D:9      | Killed Prince Ribbit
  8405 | D:10     | Entered Level 10 of the Dungeon
  8564 | D:10     | Noticed Erolcha
  8588 | D:10     | Slain by a +6 spectral giant club

Illustrated notes

Levels and vault maps discovered:
D:1:      minmay_arrival_nine_rooms, layout_basic,
          shapermc_ecumenical_altar_pompeii, serial_bayou_lagoon_b
D:2:      layout_basic, serial_shops, nicolae_shop_tiny_real_fake_doors,
          basic_altar
D:3:      layout_loops_cross, kennysheep_nondescript
D:4:      layout_loops_ring, uniq_pikel, uniq_sigmund, uniq_grinder
D:5:      layout_basic, mainiacjoe_overflow_six_doors_small,
          minmay_temple_entry_large_hall, gup_sewer_entry_spiral,
          nicolae_specific_store
D:6:      layout_loops_ring, kennysheep_mini, minmay_ruined_shrine
D:7:      layout_basic, gammafunk_ghost_grave
D:8:      layout_gridville, gammafunk_temple_overflow_pools,
          nicolae_ashenzari_skybound, uniq_jeremiah
D:9:      layout_gridville, uniq_erica, uniq_prince_ribbit1
D:10:     layout_basic, nicolae_qazlal_general_emergency,
          mainiacjoe_overflow_alcove_1, lair_entry_dummy, grunt_livestock,
          hangedman_decor_opposing, nicolae_two_hexagons,
          minmay_fractal_squares_gapless_5, uniq_erolcha, uniq_lodul

Skill      XL: |  1  2  3  4  5  6  7  8  9 10 11 |
---------------+----------------------------------+-----
Maces & Flails | 4 6 9 11 13 | 13.4
Fighting       | 4 5 11 12 | 12.6
Dodging        | |  2.4

Action                     |  1- 3 |  4- 6 |  7- 9 | 10-12 || total
---------------------------+-------+-------+-------+-------++-------
  Melee: Mace              |    88 |    63 |       |       ||   151
         Morningstar       |       |    51 |   130 |       ||   181
         Unarmed           |       |       |     8 |       ||     8
         Dagger            |       |       |   148 |   212 ||   360
  Throw: Dart              |       |       |     1 |       ||     1
  Evoke: Wand              |       |     1 |       |     5 ||     6
    Use: Scroll            |       |     4 |     9 |       ||    13
         Potion            |       |     1 |       |       ||     1
 Armour: Robe              |    48 |    55 |       |       ||   103
         Ring mail         |       |     5 |   221 |   196 ||   422
         Skin              |       |       |     2 |       ||     2
  Dodge: Dodged            |    77 |    80 |   217 |   143 ||   517
